Map: [ESL] Dragon Scales

Players

Elazer

  • Race: Zerg Zerg
  • Spawn Location: 11:00

Lambo - Winner!

  • Race: Zerg Zerg
  • Spawn Location: 5:00

Event: ESL SC2 Masters 2023 Summer (Regionals)

VOD

Have the link to the VOD?

Description

Time

  • Played on: May 28, 2023, 6:30 a.m.
  • Length: 8:14

All games in this series

Show
View Real Time Build Order
Export as new Build Order

Elazer Zerg 

Build Orders: Hatch First 

Get SALT Encoding   

  12  0:00  Drone  
  13  0:12  Overlord  
  13  0:16  Drone  
  14  0:30  Drone x2  
  16  0:47  Hatchery  
  15  0:50  Drone  
  15  0:54  Drone  
  17  0:58  Drone  
  18  1:08  Extractor  
  17  1:13  Spawning Pool  
  17  1:16  Drone  
  17  1:19  Drone  
  18  1:28  Drone  
  19  1:38  Drone  
  20  1:49  Drone  
  21  1:59  Queen x2  
  21  2:00  Zergling x2  
  26  2:02  Overlord  
  26  2:09  Metabolic Boost  
  26  2:10  Drone  
  26  2:11  Drone  
  28  2:22  Drone x2  
  30  2:33  Hatchery  
  29  2:37  Drone  
  29  2:38  Drone  
  29  2:43  Overlord  
  31  2:45  Drone  
  32  2:56  Drone x2  
  34  3:05  Drone x2  
  35  3:08  Drone x6  
  41  3:13  Queen  
  41  3:17  Overlord  
  43  3:20  Zergling x2  
  43  3:26  Roach Warren  
  43  3:31  Zergling x2  
  44  3:37  Zergling x2  
  44  3:40  Zergling x14  
  52  3:45  Zergling x2  
  52  3:46  Zergling x2  
  54  3:54  Zergling x4  
  56  3:57  Lair  
  56  3:58  Overlord  
  56  4:10  Overlord  
  56  4:12  Drone x2  
  56  4:13  Extractor, Drone  
  56  4:14  Overlord  
  58  4:21  Zergling x12  
  64  4:27  Overlord  
  64  4:28  Zergling x4  
  64  4:29  Zergling x4  
  68  4:32  Zergling x2  
  68  4:36  Overlord  
  69  4:39  Drone  
  69  4:41  Extractor  
  69  4:42  Drone x3  
  72  4:51  Roach x4  
  79  4:56  Roach x2  
  79  4:59  Roach  
  79  5:02  Glial Reconstitution  
  79  5:05  Roach  
  80  5:08  Roach  
  80  5:09  Roach  
  80  5:14  Roach x2  
  88  5:24  Roach x4  
  88  5:26  Roach  
  98  5:30  Overlord  
  98  5:32  Overlord  
  98  5:36  Overlord  
  98  5:38  Overlord  
  98  5:49  Roach x4  
  106  5:53  Roach  
  112  5:57  Roach x2  
  112  6:03  Roach x2  
  110  6:10  Roach x3  
  112  6:18  Roach x3  
  118  6:23  Ravager  
  117  6:28  Drone x3  
  117  6:29  Drone x4  
  117  6:32  Drone x2  
  124  6:33  Drone  
  124  6:38  Drone x2  
  127  6:40  Drone x2  
  127  6:41  Drone  
  130  6:47  Overlord, Evolution Chamber  
  129  6:55  Overlord  
  125  7:10  Roach  
  125  7:11  Roach x6  
  125  7:13  Roach x4  
  115  7:18  Roach x3  
  115  7:20  Roach  
  115  7:22  Roach  
  121  7:28  Roach x3  
  119  7:36  Roach x2, Queen  
  125  7:43  Roach  
Show
View Real Time Build Order
Export as new Build Order

Lambo Zerg - Winner!

Build Orders: Hatch First 

Get SALT Encoding   

  12  0:00  Drone  
  13  0:12  Overlord  
  13  0:17  Drone  
  14  0:30  Drone x2  
  16  0:48  Hatchery  
  15  0:50  Drone  
  15  0:53  Drone  
  17  0:57  Drone  
  18  1:07  Extractor  
  17  1:12  Spawning Pool  
  17  1:15  Drone  
  17  1:18  Drone  
  18  1:27  Drone  
  19  1:38  Drone  
  20  1:49  Drone  
  21  1:59  Queen x2  
  21  2:00  Overlord, Drone  
  26  2:06  Evolution Chamber  
  25  2:10  Drone  
  25  2:11  Drone  
  27  2:21  Drone x2  
  29  2:33  Drone x2  
  29  2:34  Zerg Melee Weapons Level 1  
  29  2:35  Queen  
  33  2:43  Overlord, Drone  
  34  2:50  Metabolic Boost  
  34  2:53  Drone  
  34  2:55  Drone  
  36  3:04  Drone x2  
  38  3:09  Drone x6  
  44  3:19  Overlord  
  44  3:23  Overlord  
  44  3:28  Evolution Chamber  
  43  3:34  Overlord  
  43  3:35  Zergling x2  
  43  3:41  Zergling x4  
  46  3:46  Zergling x6  
  50  3:48  Zergling x6  
  52  3:57  Zergling x2  
  52  3:58  Zergling x2  
  54  4:07  Roach Warren  
  54  4:09  Zergling x4  
  55  4:10  Hatchery  
  55  4:12  Zerg Ground Armor Level 1  
  55  4:14  Zergling x2  
  55  4:17  Zergling x8  
  55  4:22  Zergling x2  
  55  4:23  Zergling x4  
  62  4:28  Zergling x2  
  63  4:36  Zergling x2  
  63  4:38  Extractor  
  63  4:39  Zergling x2  
  63  4:45  Zergling x4  
  66  4:49  Zergling x4  
  68  4:55  Zergling x2  
  68  4:58  Zergling x6  
  65  5:02  Overlord  
  65  5:08  Overlord  
  65  5:12  Zergling x2  
  65  5:13  Zergling x2  
  67  5:17  Overlord x2  
  65  5:22  Overlord  
  65  5:25  Roach x6  
  77  5:33  Roach  
  79  5:36  Roach  
  79  5:41  Roach  
  83  5:43  Roach x2  
  83  5:44  Roach x2  
  83  5:48  Roach x2  
  95  5:55  Roach x3  
  100  6:01  Zergling x10  
  100  6:03  Ravager  
  102  6:07  Zergling x2  
  102  6:10  Zergling x4  
  98  6:15  Zergling x8  
  102  6:22  Zergling x2  
  102  6:27  Zergling x14  
  102  6:30  Zergling x2  
  109  6:36  Zergling x4  
  109  6:37  Ravager x3  
  114  6:43  Overlord  
  114  6:54  Overlord  
  113  7:04  Zergling x20  
  117  7:08  Zergling x6  
  117  7:10  Zergling x6  
  117  7:13  Ravager x2  
  117  7:14  Zergling x2  
  115  7:18  Zergling x4  
  114  7:25  Zergling x2  
  114  7:29  Ravager  
  116  7:30  Zergling x4  
  116  7:34  Zergling x2  
  116  7:35  Ravager  
  120  7:38  Zergling x6  
  120  7:41  Zergling x4  
  122  7:46  Zergling x2  
  120  7:55  Zergling x10  
  105  8:07  Ravager  
  105  8:08  Ravager  
Tags
 
Add a new tag
Caveats
  • Supply blocks, unpowered buildings, or Contaminate may cause inaccurate times.
  • Supply counts are checked every 10 seconds.